 Dungeon Crawl Stone Soup version 0.23.2-1-ga50397a (webtiles) character file.

Game seed: 13591528003868018211

922 LLlMATKO the Skirmisher (level 7, 0/100 HPs)
             Began as a Minotaur Berserker on Apr 21, 2019.
             Was an Elder of Trog.
             Slain by Grinder (4 damage)
             ... on level 4 of the Dungeon.
             The game lasted 00:10:32 (4697 turns).

LLlMATKO the Skirmisher (Minotaur Berserker)        Turns: 4697, Time: 00:10:32

Health: 0/100      AC:  6    Str: 27    XL:     7   Next: 84%
Magic:  6/6        EV:  8    Int:  4    God:    Trog [****..]
Gold:   207        SH:  0    Dex: 11    Spells: 6/6 levels left

rFire    . . .     SeeInvis .   a - +0 hand axe
rCold    . . .     Gourm    .   (no shield)
rNeg     . . .     Faith    .   C - +0 plate armour
rPois    .         Spirit   .   (helmet restricted)
rElec    .         Reflect  .   (no cloak)
rCorr    .         Harm     .   b - +0 pair of gloves
MR       .....                  (no boots)
Stlth    ..........             (no amulet)
HPRegen  0.26/turn              (no ring)
MPRegen  0.10/turn              (no ring)

@: berserking, lethally poisoned (0 -> -4), corroded, very quick
A: retaliatory headbutt, horns 2
a: Berserk, Trog's Hand, Brothers in Arms, Renounce Religion


You were on level 4 of the Dungeon.
You worshipped Trog.
Trog was greatly pleased with you.
You were hungry.

You visited 1 branch of the dungeon, and saw 4 of its levels.
You also visited: Ossuary.

You collected 207 gold pieces.

Inventory:

Hand Weapons
 a - a +0 hand axe (weapon)
Missiles
 f - 124 stones (quivered)
 u - 3 tomahawks
 B - 22 sling bullets
Armour
 b - a +0 pair of gloves (worn)
 C - a +0 plate armour (worn)
Wands
 v - a wand of acid (9)
Scrolls
 d - 5 scrolls of remove curse {unknown}
 g - 2 scrolls of identify {unknown}
 h - 4 scrolls of random uselessness {unknown}
 j - a scroll of enchant armour {unknown}
 l - 2 scrolls of enchant weapon {unknown}
 m - 3 scrolls of fog {unknown}
 n - 2 scrolls of noise {unknown}
 p - a scroll of blinking {unknown}
 s - a scroll of magic mapping {unknown}
 t - a scroll of teleportation {unknown}
 w - a scroll of immolation {unknown}
 y - a scroll of fear {unknown}
 D - a scroll of amnesia {unknown}
Potions
 e - 5 potions of flight {unknown}
 k - a potion of invisibility {unknown}
 o - a potion of ambrosia {unknown}
 q - 2 potions of resistance {unknown}
 r - 3 potions of mutation {unknown}
 x - a potion of brilliance {unknown}
 z - a potion of curing {unknown}
 A - a potion of haste {unknown}
Comestibles
 c - 6 rations
 i - 8 chunks of flesh


   Skills:
 * Level 7.7 Fighting
 + Level 6.9 Axes
 + Level 6.3 Armour
 - Level 2.1 Dodging


You had 6 spell levels left.
You didn't know any spells.
Your spell library was empty.

Dungeon Overview and Level Annotations

Branches:
Dungeon (4/15)
 Temple: D:4-7

Altars:
Okawaru

Shops:
D:4 (

Annotations:
D:4 Grinder


Innate Abilities, Weirdness & Mutations

You reflexively headbutt those who attack you in melee.
You have a pair of horns on your head.


Message History

* * * LOW HITPOINT WARNING * * *
You hit Grinder.
Grinder is almost dead.
You slash the orc wizard! Grinder gestures at you.
Pain shoots through your body!
* * * LOW HITPOINT WARNING * * *
The orc wizard hits you but does no damage.
You are lethally poisoned!
You hit Grinder. Your headbutt misses Grinder.
Grinder is almost dead.
You hit the orc wizard.
* * * LOW HITPOINT WARNING * * *
You feel sick. The orc wizard closely misses you. You furiously retaliate!
You headbutt the orc wizard!
You kill the orc wizard!
Trog accepts your kill.
Trog appreciates your killing of a magic user.
Grinder hits you.
You die...

###.....##########.#
...................#
........###### #...
.............###.# .#
....#..###.......## .#
............).....# ####.##
..#.##..##.#.##.#.# #.....#
.....#..##.#.##.#5#####.....###
........##.#.##.@#)(.5oo...%..#
.....##.##.#.##.#)#####§o...#.
....###.##.#.##.### #(....#
..#####.##.#.##.# #††...#
..........#..##.# #5....#
#.#####.##.####. #.....#
#.#####.##.# #. #(....#
#..........# ## ###(###
#####......# .#


You could see Grinder.

Vanquished Creatures
  An ogre (D:4)
  A bullfrog (D:4)
  2 elf skeletons (D:4)
  2 water moccasin zombies (Ossuary)
  3 orc wizards (D:4)
  4 orc priests (D:4)
  A hound (D:4)
  2 human skeletons (D:4)
  A worker ant (D:4)
  A big kobold zombie (Ossuary)
  2 mummies (Ossuary)
  3 gnolls (D:2)
  4 adders
  An ooze (D:4)
  3 adder zombies (Ossuary)
  2 dart slugs
  2 leopard geckos
  22 orcs
  4 giant cockroaches
  4 gnoll zombies (Ossuary)
  2 goblins
  9 hobgoblins
  8 kobolds
  A quokka (D:2)
  A ball python (D:2)
  7 bats
  5 frilled lizards
  6 hobgoblin zombies (Ossuary)
  6 kobold zombies (Ossuary)
  2 orc skeletons (D:4)
  9 orc zombies (Ossuary)
  3 rats (D:1)
124 creatures vanquished.

Notes
Turn   | Place    | Note
-------+----------+-------------------------------------------
     0 | D:1      | LLlMATKO the Minotaur Berserker began the quest for the
                  | Orb.
     0 | D:1      | Reached XP level 1. HP: 19/19 MP: 0/0
   152 | D:1      | Reached XP level 2. HP: 27/27 MP: 1/1
   274 | D:1      | Reached skill level 4 in Fighting
   503 | D:1      | Reached ** piety under Trog
   779 | D:2      | Reached XP level 3. HP: 23/33 MP: 2/2
   799 | D:2      | Reached XP level 4. HP: 18/41 MP: 3/3
  1603 | D:2      | Found an iron altar of Okawaru.
  2319 | D:4      | Reached skill level 5 in Fighting
  2319 | D:4      | Reached skill level 5 in Axes
  2319 | D:4      | Reached XP level 5. HP: 48/48 MP: 4/4
  2412 | D:4      | Found a sand-covered staircase.
  2428 | D:4      | Reached XP level 6. HP: 31/56 MP: 5/5
  2559 | Ossuary  | Entered an ossuary
  3976 | Ossuary  | Reached skill level 5 in Armour
  4084 | Ossuary  | Reached *** piety under Trog
  4125 | Ossuary  | Reached skill level 6 in Fighting
  4267 | D:4      | Reached XP level 7. HP: 64/64 MP: 6/6
  4421 | D:4      | Found Bewi's Weapon Shoppe.
  4550 | D:4      | Reached **** piety under Trog
  4555 | D:4      | Reached skill level 7 in Fighting
  4661 | D:4      | Noticed Grinder
  4671 | D:4      | Paralysed by Grinder for 5 turns
  4697 | D:4      | HP: 4/99 [poisoned by an orc wizard]
  4697 | D:4      | Slain by Grinder

Skill      XL: |  1  2  3  4  5  6  7 |
---------------+----------------------+-----
Fighting       | 4 5 6 7 |  7.7
Axes           | 4 5 6 |  6.9
Armour         | 3 4 5 6 |  6.3
Dodging        | |  2.1

Action                   |  1- 3 |  4- 6 |  7- 9 || total
-------------------------+-------+-------+-------++-------
Melee: Hand axe          |    61 |   204 |    61 ||   326
       Headbutt          |     8 |    50 |    17 ||    75
Throw: Stone             |     5 |    76 |    26 ||   107
Invok: Berserk           |       |     1 |     2 ||     3
  Eat: Chunk             |       |     6 |     1 ||     7
       Ration            |       |     2 |       ||     2
Armor: Ring mail         |    26 |    51 |       ||    77
       Animal skin       |     1 |       |       ||     1
       Plate armour      |       |     7 |    28 ||    35
Dodge: Dodged            |    48 |    72 |    22 ||   142
